 Dungeon Crawl Stone Soup version 0.26-a0-720-g2a1d101370 (webtiles) character file.

Game seed: 7500199618964685625

131 GordonOverkill the Chopper (level 4, -3/41 HPs)
             Began as a Palentonga Chaos Knight on Nov 3, 2020.
             Was an Initiate of Trog.
             Slain by a gnoll
             ... wielding a +0 spear
              (5 damage)
             ... on level 3 of the Dungeon.
             The game lasted 00:02:23 (1067 turns).

GordonOverkill the Chopper (PaCK)                   Turns: 1067, Time: 00:02:23

Health: -3/41      AC:  6    Str: 16    XL:     4   Next: 91%
Magic:  4/4        EV:  9    Int: 12    God:    Trog [......]
Gold:   69         SH:  0    Dex: 10    Spells: 3/3 levels left

rFire    . . .     SeeInvis +   h - +1 dagger (venom)
rCold    . . .     Faith    .   (no shield)
rNeg     . . .     Spirit   .   b - +2 leather armour
rPois    .         Reflect  .   (no helmet)
rElec    .         Harm     .   (no cloak)
rCorr    .         Rampage  .   (no gloves)
MR       .....                  (no barding)
Stlth    +.........             (no amulet)
HPRegen  0.13/turn              (no ring)
MPRegen  0.09/turn              (no ring)

@: no status effects
A: large, rugged brown scales 3, see invisible, deformed body, roll, armoured
tail
a: Rolling Charge, Renounce Religion


You were on level 3 of the Dungeon.
You worshipped Trog.
Trog was noncommittal.
You visited 1 branch of the dungeon, and saw 4 of its levels.

You collected 69 gold pieces.

Inventory:

Hand Weapons
 a - a +0 hand axe of chaos
 h - a +1 dagger of venom (weapon)
Missiles
 l - 7 curare-tipped darts (quivered)
Armour
 b - a +2 leather armour (worn)
Scrolls
 c - a scroll of random uselessness {unknown}
 d - a scroll of identify {unknown}
 f - a scroll of amnesia {unknown}
 g - a scroll of remove curse {unknown}
 i - a scroll of magic mapping {unknown}
 j - a scroll of immolation {unknown}
Potions
 e - a potion of heal wounds {unknown}
 k - a potion of stabbing {unknown}
 m - a potion of haste {unknown}


   Skills:
 + Level 3.6 Fighting
 * Level 4.2 Axes
 + Level 2.3 Armour
 + Level 1.7 Dodging


You had 3 spell levels left.
You didn't know any spells.
Your spell library was empty.

Dungeon Overview and Level Annotations

Branches:
Dungeon (4/15)
 Temple: D:4-7

Altars:
Trog
The Shining One


Innate Abilities, Weirdness & Mutations

You are completely covered in rugged brown scales. (AC +3, +7% HP)
You have supernaturally acute eyesight. (SInv)
Armour fits poorly on your strangely shaped body.
You can roll at foes to attack.
You have a long armoured tail.


Message History

The gnoll hits you from afar with a +0 spear.
The gnoll hits you with a +0 halberd!
The ball python moves out of view.
Roll where?
Press: ? - help, Dir - move target cursor, f - gnoll, p - gnoll
Aim: a gnoll (sparse dust, moderately wounded, very poisoned)
You roll forward with a clatter of scales!
You barely miss the gnoll. You tail-slap the gnoll!
You kill the gnoll!
Trog accepts your kill.
The gnoll hits you from afar with a +0 halberd!
The goblin misses you.
The gnoll hits you from afar with a +0 spear.
The gnoll closely misses you. The rat bites you.
* * * LOW HITPOINT WARNING * * *
The gnoll hits you from afar with a +0 halberd!
* * * LOW HITPOINT WARNING * * *
There is a stone staircase leading down, spattered with blood here.
The goblin hits you but does no damage.
The gnoll hits you from afar with a +0 spear.
You die...

...... #....#
#....# #....# ###
#S...#
+..###....#
#.....g.##......
...#....rg.#
##### #.....@gg.#
#............#
.............<.#
?................
#########..###.##
#... ... #.... ##
P....


You could see 3 gnolls, a goblin, a ball python and a rat.

Vanquished Creatures
  An ogre (D:4)
  A gnoll (D:3)
  An ooze (D:1)
  A worm (D:4)
  A dart slug (D:2)
  A leopard gecko (D:4)
  An orc (D:4)
  3 hobgoblins
  6 jackals
  4 kobolds
  A ball python (D:1)
  A frilled lizard (D:1)
  3 rats (D:1)
25 creatures vanquished.

Notes
Turn   | Place    | Note
-------+----------+-------------------------------------------
     0 | D:1      | GordonOverkill the Palentonga Chaos Knight began the quest
                  | for the Orb.
     0 | D:1      | Reached XP level 1. HP: 20/20 MP: 1/1
   283 | D:1      | Reached skill level 1 in Dodging
   293 | D:1      | Reached XP level 2. HP: 19/27 MP: 2/2
   781 | D:2      | You fall into a shaft and drop 2 floors!
   789 | D:4      | Found a glowing golden altar of the Shining One.
   797 | D:4      | Found a bloodstained altar of Trog.
   858 | D:4      | XOM: divination: detect creatures
   863 | D:4      | Noticed an ogre
   885 | D:4      | Killed an ogre
   885 | D:4      | Reached skill level 4 in Axes
   885 | D:4      | Reached XP level 3. HP: 31/33 MP: 3/3
   885 | D:4      | Reached XP level 4. HP: 38/40 MP: 4/4
   892 | D:4      | Fell from the grace of Xom
   892 | D:4      | Became a worshipper of Trog the Wrathful
  1066 | D:3      | HP: 2/41 [gnoll/+0 halberd (11)]
  1067 | D:3      | Slain by a gnoll

Illustrated notes

Levels and vault maps discovered:
D:1:      elethiomel_arrival_quiet, layout_loops_ring
D:2:      layout_loops_cross
D:3:      layout_basic, kiku_gazebo_garden_becter, ebering_ghost_sewer_d
D:4:      layout_basic, grunt_temple_overflow_open

Skill      XL: |  1  2 |
---------------+-------+-----
Dodging        | 1 |  1.7
Axes           | 4 |  4.2
Armour         | 2 |  2.3
Fighting       | |  3.6

Action                   |  1- 3 |  4- 6 || total
-------------------------+-------+-------++-------
Melee: Dagger            |    41 |    20 ||    61
       Hand axe          |     8 |       ||     8
       Tailslap          |     9 |     3 ||    12
 Abil: Rolling Charge    |    10 |     4 ||    14
  Use: Potion            |     1 |       ||     1
Armor: Leather armour    |    12 |    13 ||    25
Dodge: Dodged            |    15 |    16 ||    31

Table legend: (Time is in decaauts)
 A = Elapsed time spent in this place.
 B = Non-inter-level travel time spent in this place.
 C = Inter-level travel time spent in this place.
 D = Time resting spent in this place.
 E = Time spent auto-exploring this place.
 F = Levels seen in this place.
 G = Mean time per level.
                   A        B        C        D        E       F      G
               +--------+--------+--------+--------+--------+-----+--------+
         Total |   1066 |   1046 |     20 |     86 |    749 |   4 |  266.5 |
       Dungeon |   1066 |   1046 |     20 |     86 |    749 |   4 |  266.5 |
               +--------+--------+--------+--------+--------+-----+--------+

Top non-repeatable levels by time:
     D:1: 759 daAuts
     D:4: 274 daAuts
     D:2: 21 daAuts
     D:3: 10 daAuts
